 Dungeon Crawl Stone Soup version 0.30-a0-782-ge64f9170bb (webtiles) character file.

Game seed: 9358373369709724477

88 Mesmaeker13 the Insei (level 4, -1/30 HPs)
             Began as an Octopode Transmuter on Mar 13, 2023.
             Slain by Crazy Yiuf
             ... wielding a +3 quarterstaff of chaos
              (11 damage)
             ... on level 2 of the Dungeon.
             The game lasted 00:02:55 (1946 turns).

Mesmaeker13 the Insei (Octopode Transmuter)         Turns: 1946, Time: 00:02:56

Health: -1/30      AC:  1    Str:  9    XL:     4   Next: 54%
Magic:  6/7        EV: 13    Int: 17    God:
Gold:   115        SH:  0    Dex: 12    Spells: 4/7 levels left

rFire   . . .      SeeInvis .      - Unarmed
rCold   . . .      Faith    .    (no shield)
rNeg    . . .      Spirit   .    (helmet currently unavailable)
rPois   .          Reflect  .    (no amulet)
rElec   .          Harm     .    (no ring)
rCorr   .          Rampage  .    (no ring)
Will    .....                    (no ring)
Stlth   ++                       (no ring)
HPRegen 0.25/turn                (no ring)
MPRegen 0.10/turn                (no ring)
                                 (no ring)
                                 (no ring)

@: appendages
A: tentacle spike 3, almost no armour, amphibious, 8 rings, camouflage 1,
gelatinous body 1, (nimble swimmer 1), tentacles
a: End Transformation


You were on level 2 of the Dungeon.
One of your tentacles had grown a beastly spike.
You visited 1 branch of the dungeon, and saw 2 of its levels.

You collected 115 gold pieces.

Inventory:

Hand Weapons
 n - a +0 spear
Missiles
 f - 40 stones
Wands
 m - a wand of charming (7)
Scrolls
 b - 4 scrolls of teleportation
 c - a scroll of fear {unknown}
 d - a scroll of immolation {unknown}
 e - a scroll of vulnerability {unknown}
 g - a scroll of enchant armour {unknown}
 h - 2 scrolls of identify {unknown}
 l - a scroll of amnesia {unknown}
Potions
 a - a potion of lignification
 i - 2 potions of haste {unknown}
 j - a potion of brilliance {unknown}
 k - a potion of flight {unknown}


   Skills:
 + Level 2.4 Fighting
 - Level 2.0 Dodging
 + Level 3.8 Unarmed Combat
 - Level 2.0 Spellcasting
 + Level 3.1 Transmutations


You had 4 spell levels left.
You knew the following spells:

 Your Spells              Type           Power      Damage    Failure   Level
a - Beastly Appendage     Tmut           24%        N/A       5%          1
b - Wereblood             Tmut           12%        N/A       9%          2

Your spell library contained the following spells:

 Spells                   Type           Power      Damage    Failure   Level
 Spider Form              Tmut/Pois      6%         N/A       30%         3
 Ice Form                 Ice/Tmut       6%         N/A       71%         4


Dungeon Overview and Level Annotations

Branches:
Dungeon (2/15)

Altars:

Shops:
D:1 ([?[

Annotations:
D:2 Crazy Yiuf


Innate Abilities, Weirdness & Mutations

One of your tentacles has grown a beastly spike.
You cannot wear most types of armour.
You are amphibious.
You can wear up to eight rings at the same time.
Your skin changes colour to match your surroundings (Stealth+).
Your rubbery body absorbs attacks. (AC +1, EV +1)
((You are camouflaged when in or above water. (Stealth+)))
You have tentacles for arms and can constrict up to eight enemies at once.


Message History

You kill the ball python!
No target in view!
No target in view!
Your transformation is almost over.
Your tentacle spike disappears.
You see here a +0 dagger.
There is an open door here.
You open the door.
There is an open door here.
There is an open gate here.
You see here a +0 whip.
You see here a rat corpse.
There is an open gate here.
Key pressed, stopping explore.
There is an open gate here.
You see here a +0 whip.
There is an open gate here.
Crazy Yiuf shouts!
You open the door.
Okay, then.
Casting: Beastly Appendage (safe; 5% risk of failure)
Confirm with . or Enter, or press ? or * to list all spells.
One of your tentacles grows a vicious spike.
Crazy Yiuf hits you with a +3 quarterstaff of chaos!
Crazy Yiuf barely misses you.
You closely miss Crazy Yiuf. You grab Crazy Yiuf.
You pierce Crazy Yiuf.
You tentacle-slap Crazy Yiuf, but do no damage.
You squeeze Crazy Yiuf.
Crazy Yiuf is lightly wounded.
You constrict Crazy Yiuf.
Crazy Yiuf waves his quarterstaff at you.
Crazy Yiuf hits you with a +3 quarterstaff of chaos!
Crazy Yiuf burns you.
* * * LOW HITPOINT WARNING * * *
You tentacle-slap Crazy Yiuf but do no damage.
You squeeze Crazy Yiuf.
Crazy Yiuf is moderately wounded.
You constrict Crazy Yiuf.
Crazy Yiuf hits you with a +3 quarterstaff of chaos!
You die...

.....#...##..............#####..#
.....#...#############...####..##
<....#...# #.....##.##.
..####...# ##### #.....##..##
..'.##'''# #..)# #.....###..#
..#.##...# #...# #...........
..#.#..### ... #.....###...
..#.....# #g# ####### ###.
#######.# ♣♣@♣ ## #.......# ♣.♣♣
### .....#### ♣♣.♣ #.# .....#
♣.♣♣ #.# .....##### ♣♣.♣♣ #.#
####### .........### ♣...♣♣ #.#
#...... ..>........# ♣....♣
#.####...... ...........# #....#
#........... ##.........#
#....####...........


You could see Crazy Yiuf.

Vanquished Creatures
  3 adders (D:2)
  A worm (D:2)
  5 ball pythons
  3 bats (D:1)
  6 endoplasms
  2 giant cockroaches
  4 goblins
  6 hobgoblins
  7 jackals
  2 quokkas (D:1)
  3 frilled lizards
  5 kobolds
  6 rats
53 creatures vanquished.

Notes
Turn   | Place    | Note
-------+----------+-------------------------------------------
     0 | D:1      | Mesmaeker13 the Octopode Transmuter began the quest for the
                  | Orb.
     0 | D:1      | Reached XP level 1. HP: 13/13 MP: 3/3
   177 | D:1      | Reached XP level 2. HP: 18/18 MP: 3/5
   321 | D:1      | Found Heegish's Armour Boutique.
   475 | D:1      | Found Aptadeure's Magic Scroll Boutique.
   546 | D:1      | Learned a level 2 spell: Wereblood
   627 | D:1      | Reached XP level 3. HP: 24/24 MP: 2/6
   781 | D:1      | Found Zeeboadgh's Weapon Shop.
   868 | D:1      | Found Xyes's Antique Armour Boutique.
  1273 | D:2      | Reached XP level 4. HP: 20/29 MP: 5/7
  1762 | D:2      | Found a runed translucent door.
  1763 | D:2      | Noticed Crazy Yiuf
  1946 | D:2      | Slain by Crazy Yiuf

Illustrated notes

Levels and vault maps discovered:
D:1:      matt_arrival_los_fun, layout_basic, serial_shops,
          nicolae_lakefront_shop, nicolae_shop_hallway_stairs,
          nicolae_shop_advertising_works [nicolae_subvault_shop_adworks],
          nicolae_lakefront_shop
D:2:      layout_basic, kennysheep_cross_bottleneck,
          minmay_fractal_squares_gapless_5, uniq_crazy_yiuf_cottage

Skill      XL: |  1  2  3  4 |
---------------+-------------+-----
Fighting       | 2 |  2.4
Transmutations | 3 |  3.1
Dodging        | |  2.0
Unarmed Combat | |  3.8
Spellcasting   | |  2.0

Action                     |  1- 3 |  4- 6 || total
---------------------------+-------+-------++-------
  Melee: Unarmed           |    75 |    27 ||   102
         Kick              |    16 |     9 ||    25
         Tentacles         |    16 |     5 ||    21
         Constrict         |    18 |     8 ||    26
         Punch             |       |     1 ||     1
   Cast: Beastly Appendage |    27 |     9 ||    36
         Wereblood         |     4 |     2 ||     6
    Use: Scroll            |     1 |       ||     1
   Stab: Sleeping          |     3 |     1 ||     4
 Armour: Skin              |     3 |     2 ||     5
  Dodge: Dodged            |    50 |    14 ||    64

Table legend: (Time is in decaauts)
 A = Elapsed time spent in this place.
 B = Non-inter-level travel time spent in this place.
 C = Inter-level travel time spent in this place.
 D = Time resting spent in this place.
 E = Time spent auto-exploring this place.
 F = Levels seen in this place.
 G = Mean time per level.
                   A        B        C        D        E       F      G
               +--------+--------+--------+--------+--------+-----+--------+
         Total |   1940 |   1880 |     60 |     53 |   1363 |   2 |  970.0 |
       Dungeon |   1940 |   1880 |     60 |     53 |   1363 |   2 |  970.0 |
               +--------+--------+--------+--------+--------+-----+--------+

Top non-repeatable levels by time:
     D:1: 1004 daAuts
     D:2: 935 daAuts
